 Dungeon Crawl Stone Soup version 0.26-a0-1213-gd52f5182fe (webtiles) character file.

Game seed: 8613173758715675001

42 Conn the Firebug (level 3, 0/21 HPs)
             Began as an Octopode Fire Elementalist on Dec 30, 2020.
             Slain by a quasit (1 damage)
             ... while paralysed
             ... on level 2 of the Dungeon.
             The game lasted 00:03:59 (1833 turns).

Conn the Firebug (Octopode Fire Elementalist)       Turns: 1833, Time: 00:03:59

Health: 0/21       AC:  1    Str:  6 (7)  XL:     3   Next: 54%
Magic:  5/6        EV:  2    Int: 15 (18) God:
Gold:   48         SH:  0    Dex: -1 (12) Spells: 5/6 levels left

rFire    . . .     SeeInvis .   l - +2 dagger (drain)
rCold    + . .     Faith    .   (no shield)
rNeg     . . .     Spirit   .   (helmet restricted)
rPois    .         Reflect  .   (no amulet)
rElec    .         Harm     .   f - ring of attention (curse)
rCorr    +         Rampage  .   g - ring of protection from cold
Will     .....                  i - ring of resist corrosion
Stlth    ..........             (no ring)
HPRegen  0.07/turn              (no ring)
MPRegen  0.10/turn              (no ring)
                                (no ring)
                                (no ring)

@: paralysed, flying, slowed, lost dexterity
A: almost no armour, stealthy swim, amphibious, 8 rings, constrict 8, camouflage
1, gelatinous body 1
a: no special abilities


You were on level 2 of the Dungeon.
You visited 1 branch of the dungeon, and saw 2 of its levels.

You collected 48 gold pieces.

Inventory:

Hand Weapons
 e - a +2 dagger
 l - a +2 dagger of draining (weapon)
Missiles
 j - 17 poisoned darts
Jewellery
 f - a cursed ring of attention (left tentacle)
 g - a ring of protection from cold (right tentacle)
 i - a ring of resist corrosion (on tentacle)
Scrolls
 k - 2 scrolls of identify
Potions
 a - a potion of mutation


   Skills:
 + Level 2.3 Dodging
 + Level 3.2 Stealth
 + Level 2.4 Spellcasting
 + Level 1.1 Conjurations
 + Level 3.6 Fire Magic


You had 5 spell levels left.
You knew the following spells:

 Your Spells              Type           Power        Failure   Level
a - Foxfire               Conj/Fire      36%          8%          1

Your spell library contained the following spells:

 Spells                   Type           Power        Failure   Level
 Conjure Flame            Conj/Fire      9%           24%         3
 Inner Flame              Hex/Fire       7%           30%         3
 Sticky Flame             Conj/Fire      9%           61%         4
 Fireball                 Conj/Fire      4%           91%         5


Dungeon Overview and Level Annotations

Branches:
Dungeon (2/15)

Altars:


Innate Abilities, Weirdness & Mutations

You cannot wear most types of armour.
You are very stealthy in the water. (Stealth+)
You are amphibious.
You can wear up to eight rings at the same time.
You can use your tentacles to constrict eight enemies at once.
Your skin changes colour to match your surroundings (Stealth+).
Your rubbery body absorbs attacks. (AC +1, EV +1)


Message History

Confirm with . or Enter, or press ? or * to list all spells.
You conjure some foxfire!
The quasit bites you.
* * * LOW HITPOINT WARNING * * *
You feel clumsy.
You have lost your dexterity.
The quasit claws you.
* * * LOW HITPOINT WARNING * * *
The quasit claws you.
* * * LOW HITPOINT WARNING * * *
The quasit bites you.
* * * LOW HITPOINT WARNING * * *
You feel clumsy. The quasit claws you.
* * * LOW HITPOINT WARNING * * *
The quasit claws you but does no damage.
The foxfire hits the quasit.
The quasit resists.
The quasit is severely wounded.
The foxfire hits the quasit but does no damage.
The quasit is severely wounded.
The quasit bites you.
You die...

###.###.....#########.###
....##.......# #.#
#.#.##.####..# #.#
#.#....# #..# #.#
#'#########..# #.#
.)...........# ######.#
.....#######.# #......#
.....# #.###ยง######
.....# #.)..@# .....#
#####5# .....#* #.#
......* #.# ......# #.#
,,,,,,* #.# ,,,,,,* #.#
,,,,,,* #.# ,,,,,,* #.##


You could see a quasit.

Vanquished Creatures
  An adder (D:2)
  A worm (D:2)
  A dart slug (D:1)
  A leopard gecko (D:2)
  3 bats (D:1)
  2 giant cockroaches (D:2)
  4 goblins
  3 hobgoblins
  A ball python (D:2)
  2 frilled lizards
  6 kobolds
  4 rats
29 creatures vanquished.

Vanquished Creatures (others)
  85 foxfires
85 creatures vanquished.

Grand Total: 114 creatures vanquished

Notes
Turn   | Place    | Note
-------+----------+-------------------------------------------
     0 | D:1      | Conn the Octopode Fire Elementalist began the quest for the
                  | Orb.
     0 | D:1      | Reached XP level 1. HP: 11/11 MP: 3/3
   316 | D:1      | Reached XP level 2. HP: 17/17 MP: 5/5
  1289 | D:2      | Reached XP level 3. HP: 16/21 MP: 6/6
  1832 | D:2      | Lost dexterity.
  1832 | D:2      | HP: 1/21 [quasit (2)]
  1833 | D:2      | Slain by a quasit

Illustrated notes

Levels and vault maps discovered:
D:1:      roderic_chinese_lattice_arrival, layout_loops_corners
D:2:      layout_basic, lemuel_coloured_pillars_altar

Skill      XL: |  1  2 |
---------------+-------+-----
Stealth        | 3 |  3.2
Dodging        | |  2.3
Spellcasting   | |  2.4
Conjurations   | |  1.1
Fire Magic     | |  3.6

Action                   || total
-------------------------++-------
Melee: Dagger            ||    18
       Tentacles         ||     3
       Constrict         ||     2
 Cast: Foxfire           ||    51
  Use: Scroll            ||     6
       Potion            ||     4
Armor: Skin              ||    10
Dodge: Dodged            ||    48

Table legend: (Time is in decaauts)
 A = Elapsed time spent in this place.
 B = Non-inter-level travel time spent in this place.
 C = Inter-level travel time spent in this place.
 D = Time resting spent in this place.
 E = Time spent auto-exploring this place.
 F = Levels seen in this place.
 G = Mean time per level.
                   A        B        C        D        E       F      G
               +--------+--------+--------+--------+--------+-----+--------+
         Total |   1830 |   1820 |     10 |      0 |   1473 |   2 |  915.0 |
       Dungeon |   1830 |   1820 |     10 |      0 |   1473 |   2 |  915.0 |
               +--------+--------+--------+--------+--------+-----+--------+

Top non-repeatable levels by time:
     D:1: 1168 daAuts
     D:2: 661 daAuts
